 Dungeon Crawl Stone Soup version 0.21.1-1-g345015f (webtiles) character file.

727150 shakethe the Slayer (level 27, 0/184 HPs)
             Began as a Gargoyle Fighter on Feb 21, 2018.
             Was the Champion of the Shining One.
             Splashed by a brown ugly thing's acid (9 damage)
             ... on level 4 of the Abyss.
             The game lasted 05:15:22 (89856 turns).

shakethe the Slayer (Gargoyle Fighter)             Turns: 89856, Time: 05:15:23

Health: 0/184      AC: 57    Str: 27    XL:     27
Magic:  35/35      EV: 12    Int: 25    God:    the Shining One [******]
Gold:   9167       SH: 20    Dex: 13    Spells: 11/50 levels left

rFire    + + +     SeeInvis +   e - +9 sacred scourge (holy)
rCold    + + .     Gourm    .   V - +0 shield {AC+3}
rNeg     + + +     Faith    .   I - +2 crystal plate armour of Satisfaction {Str+2 Int+2 Dex+6}
rPois    ∞         Spirit   .   R - +0 helmet "Huth" {rN+ Regen+ SInv}
rElec    +         Reflect  +   c - scarf {rC+ rF+}
rCorr    .         Harm     .   A - +2 pair of gloves {Str+3}
MR       +++++     Rnd*Rage +   H - +3 pair of boots of Egalitarianism {MR+}
Stlth    ..........             v - +6 amulet of reflection
HPRegen  0.00/turn              Z - ring of Voec {rF++ rC+}
MPRegen  0.24/turn              L - ring of the Mage {Wiz MR++ Int+3}

@: corroded, berserk cooldown, flying, glowing
A: big wings, icy blue scales 1, yellow scales 1, berserk 2, blurry vision 1,
clumsy 1, deformed body, deterioration 1, low mp 1, negative energy resistance
1, screaming 1, electricity resistance, inhibited regeneration, unbreathing,
petrification resistance, rot immunity, MP-powered wands, sturdy frame 1, AC +20
}: 4/15 runes: decaying, slimy, silver, gossamer
a: Stop Flying, Divine Shield, Cleansing Flame, Summon Divine Warrior, Renounce
Religion


You were on level 4 of the Abyss.
You worshipped the Shining One.
The Shining One was exalted by your worship.
You were not hungry.

You visited 11 branches of the dungeon, and saw 53 of its levels.
You visited the Abyss 4 times.
You also visited: Trove, Ice Cave and Wizlab.

You collected 11820 gold pieces.
You spent 2653 gold pieces at shops.

Inventory:

Hand Weapons
 e - a +9 sacred scourge of holy wrath (weapon) (the Shining One gifted it to you on level 4 of the Swamp)
 U - the +4 morningstar of Division {flame, rElec rPois rF+ MR+}
   (Okawaru gifted it to you on level 10 of the Dungeon)

   It has been specially enchanted to burn those struck by it, causing extra
   injury to most foes and up to half again as much damage against particularly
   susceptible opponents.
   It protects you from fire.
   It insulates you from electricity.
   It protects you from poison.
   It affects your resistance to hostile enchantments.
Missiles
 Q - 2 javelins of penetration (quivered)
Armour
 c - a scarf of resistance (worn)
   (Okawaru gifted it to you on level 3 of the Vaults)
 A - a +2 pair of gloves of strength (worn)
   (You found it on level 2 of the Lair of Beasts)
 H - the +3 pair of boots of Egalitarianism (worn) {MR+}
   (You bought it in a shop on level 2 of the Orcish Mines)

   It affects your resistance to hostile enchantments.
 I - the +2 crystal plate armour of Satisfaction (worn) {Str+2 Int+2 Dex+6}
   (Okawaru gifted it to you on level 2 of the Elven Halls)

   It affects your strength (+2).
   It affects your intelligence (+2).
   It affects your dexterity (+6).
 R - the +0 helmet "Huth" (worn) {rN+ Regen+ SInv}
   (Okawaru gifted it to you on level 1 of the Vaults)

   It protects you from negative energy.
   It lets you see invisible.
   It increases your rate of regeneration.
 V - a +0 shield of protection (worn)
   (You took it off a tengu warrior on level 1 of the Depths)
Jewellery
 v - a +6 amulet of reflection (around neck)
   (You took it off an orc on level 14 of the Dungeon)
 L - the ring of the Mage (right hand) {Wiz MR++ Int+3}
   (You took it off a deep elf elementalist on level 3 of the Elven Halls)

   [ring of wizardry]

   It improves your spell success rate.
   It affects your intelligence (+3).
   It affects your resistance to hostile enchantments.
 Z - the ring of Voec (left hand) {rF++ rC+}
   (You found it on level 1 of the Depths)

   [ring of protection from cold]

   It greatly protects you from fire.
   It protects you from cold.
Wands
 j - a wand of disintegration (6)
   (You found it on level 1 of the Abyss)
 X - a wand of digging (24)
   (You found it on level 5 of the Lair of Beasts)
Scrolls
 a - 3 scrolls of silence
 b - a scroll of brand weapon
 i - 6 scrolls of immolation {!r}
 k - 12 scrolls of teleportation
 l - 10 scrolls of amnesia
 n - 8 scrolls of enchant armour
 r - 6 scrolls of magic mapping {!r}
 t - 14 scrolls of fog
 u - 22 scrolls of remove curse
 x - 3 scrolls of enchant weapon
 y - 3 scrolls of blinking {!r}
 D - 5 scrolls of fear
 E - 18 scrolls of identify
 G - 4 scrolls of vulnerability {!r!r}
 K - 2 scrolls of summoning
 Y - 3 scrolls of holy word {!r}
Potions
 d - 8 potions of might
 h - 27 potions of curing
 m - 5 potions of agility
 o - 7 potions of haste
 q - 2 potions of mutation {!q}
 w - 2 potions of berserk rage {!q}
 z - 4 potions of resistance
 B - 4 potions of cancellation
 C - 7 potions of ambrosia
 F - 8 potions of brilliance
 M - 8 potions of lignification {!q}
 O - 4 potions of magic
Miscellaneous
 s - a crystal ball of energy
   (You found it on level 5 of the Pits of Slime)
 J - 5 boxes of beasts
 N - a fan of gales
   (You found it on level 1 of the Swamp)
 P - a lamp of fire
   (You found it on level 5 of the Vaults)
 S - a phial of floods
   (You found it on level 3 of the Elven Halls)
 T - 2 phantom mirrors
 W - a lightning rod (4/4)
   (You found it on level 2 of the Elven Halls)
Comestibles
 f - 58 rations


   Skills:
 + Level 21.6 Fighting
 + Level 18.8 Maces & Flails
 - Level 7.4 Throwing
 + Level 21.2 Armour
 + Level 10.9 Dodging
 - Level 15.0 Shields
 + Level 12.3 Spellcasting
 - Level 13.4 Conjurations
 - Level 8.9 Charms
 - Level 10.4 Summonings
   Level 2.6 Necromancy
 + Level 12.3 Translocations
   Level 11.3 Fire Magic
 - Level 9.2 Air Magic
 + Level 17.1 Earth Magic
 + Level 16.9 Invocations
 - Level 8.4 Evocations


You had 11 spell levels left.
You knew the following spells:

 Your Spells              Type           Power        Failure   Level  Hunger
a - Deflect Missiles      Chrm/Air       ######....   38%         6    #####..
b - Shatter               Erth           #######...   99%         9    #######
d - Blink                 Tloc           N/A          1%          2    None
e - Summon Lightning Spi  Summ/Air       ######..     1%          4    None
f - Iron Shot             Conj/Erth      #######...   3%          6    #####..
g - Passage of Golubria   Tloc           N/A          1%          4    None
q - Aura of Abjuration    Summ           ######....   4%          5    ###....
s - Shroud of Golubria    Chrm/Tloc      ######....   1%          2    None
B - Summon Butterflies    Summ           ######..     1%          1    None


Dungeon Overview and Level Annotations

Branches:
Dungeon (15/15)            Temple (1/1) D:4            Lair (6/6) D:10
  Swamp (4/4) Lair:2       Spider (4/4) Lair:3        Slime (5/5) Lair:6
    Orc (2/2) D:10            Elf (3/3) Orc:2        Vaults (5/5) D:14
  Crypt (3/3) Vaults:3       Tomb (0/3) Crypt:3      Depths (5/5) D:15
    Zot (0/5) Depths:5

Altars:
Ashenzari
Cheibriados
Dithmenos
Elyvilon
Fedhas
Gozag
Hepliaklqana
Kikubaaqudgha
Makhleb
Nemelex Xobeh
Okawaru
Qazlal
Ru
Sif Muna
Trog
Uskayaw
Vehumet
Wu Jian
Xom
Yredelemnul
Zin
The Shining One
Beogh
Jiyva
Lugonu

Shops:
D:4 ![*([   D:7 =   D:11 ?=([   D:14 !}[}   Orc:2 =(?[[   Elf:1 *   Elf:2 **
Elf:3 (   Vaults:4 (   Depths:3 *[!%

Portals:
Hell: Depths:1 Depths:2 Depths:3 Depths:4 Depths:5
Abyss: Depths:3 Depths:4
Pandemonium: Depths:3 Depths:4 Depths:5
Ziggurat: Depths:1

Annotations:
Swamp:1 exclusion: Roxanne, Roxanne


Innate Abilities, Weirdness & Mutations

You are resistant to torment.
Your stone body is resilient. (AC +20)
You are immune to poison.
Your large and strong wings let you fly indefinitely.
You resist negative energy. (rN+)
You are resistant to electric shocks. (rElec)
You can survive without breathing.
You are immune to petrification.
You are immune to rotting.
You are partially covered in icy blue scales. (AC +2)
You are partially covered in yellow scales. (AC +2)
You often lose your temper in combat.
Scrolls take you a little longer to read.
You are clumsy. (Dex -2)
Armour fits poorly on your strangely shaped body.
Your body sometimes deteriorates upon taking damage.
Your magical capacity is low. (-10% MP)
You occasionally shout uncontrollably at your foes.
You do not regenerate when monsters are visible.
You expend magic power (3 MP) to strengthen your wands.
Your movements are slightly less encumbered by armour. (ER -2)


Message History

The starcursed mass shrieks in your mind.
* * * LOW HITPOINT WARNING * * *
The white very ugly thing basks in the mutagenic energy from its kin and changes!
You begin reading the scroll.
You continue reading the scroll.
The ynoxinul bellows!
You block the thrashing horror's attack. x2
You block the brown very ugly thing's attack.
The white very ugly thing misses you.
The brown very ugly thing looks sick.
The red ugly thing looks sick.
The white very ugly thing basks in the mutagenic energy from its kin and changes!
The brown very ugly thing basks in the mutagenic energy from its kin and changes!
Blink to where?
You are very lightly contaminated with residual magic.
As you read the scroll of blinking {!r}, it crumbles to dust.
A spatial vortex and a flying skull come into view.
You take 5 damage, and have 16/183 hp.
You feel better.
The red very ugly thing looks sick.
You regained 8 hp, and now have 24/183 hp.
Really read with blurry vision while enemies are nearby?
Okay, then.
The red ugly thing basks in the mutagenic energy from its kin and changes! x2
You block the flying skull's attack. x2
The red very ugly thing basks in the mutagenic energy from its kin and changes!
The flying skull closely misses you.
You whack the flying skull!
The flying skull convulses!!
You destroy the flying skull!
The Shining One accepts your kill.
You feel better.
The starcursed mass shrieks in your mind.
* * * LOW HITPOINT WARNING * * *
You regained 7 hp, and now have 31/183 hp.
The red very ugly thing basks in the mutagenic energy from its kin and changes!
You regained 2 hp, and now have 34/183 hp.
You block the white very ugly thing's attack.
The red very ugly thing basks in the mutagenic energy from its kin and changes!
The white very ugly thing bites you but does no damage.
You hit the white very ugly thing. You thrash the white very ugly thing!!
The white very ugly thing bites you but does no damage.
You whack the white very ugly thing! You hit the white very ugly thing.
A thrashing horror comes into view.
The thrashing horror roars!
You thrash the white very ugly thing!!
The white very ugly thing bites you but does no damage.
You block the white very ugly thing's attack.
The white very ugly thing bites you but does no damage.
You hit the thrashing horror but do no damage.
The thrashing horror closely misses you.
You block the thrashing horror's attack.
You block the white very ugly thing's attack. x2
You thrash the white very ugly thing!!
The thrashing horror tramples you but does no damage.
You block the thrashing horror's attack.
The white very ugly thing tentacle-slaps you but does no damage.
You whack the white very ugly thing!
You block the thrashing horror's attack.
The thrashing horror tramples you but does no damage.
You block the white very ugly thing's attack.
You thrash the white very ugly thing!!
You kill the white very ugly thing!
You block the thrashing horror's attack.
The thrashing horror tramples you but does no damage.
The white very ugly thing completely misses you.
You devastate the thrashing horror!!!
You destroy the thrashing horror!
You feel yourself speed up.
The thrashing horror tramples you but does no damage. x2
You punish the white very ugly thing, causing immense pain!!!
You hit the white very ugly thing.
You block the thrashing horror's attack. x2
The starcursed mass shrieks in your mind.
* * * LOW HITPOINT WARNING * * *
The white very ugly thing bites you.
* * * LOW HITPOINT WARNING * * *
The white very ugly thing freezes you! You resist.
* * * LOW HITPOINT WARNING * * *
The red very ugly thing tentacle-slaps you!
* * * LOW HITPOINT WARNING * * *
You take 26 damage, and have 12/183 hp.
You thrash the white very ugly thing!!
You kill the white very ugly thing!
The thrashing horror tramples you but does no damage.
You block the thrashing horror's attack.
You whack the red very ugly thing!
A wretched star comes into view.
You whack the red very ugly thing!
The thrashing horror tramples you but does no damage. x2
Your magical contamination has completely faded away.
A small abomination comes into view.
Really read
y - 3 scrolls of blinking {!r}?
Really read with blurry vision while enemies are nearby?
You block the thrashing horror's attack. x2
The red very ugly thing tentacle-slaps you but does no damage.
You begin reading the scroll.
You continue reading the scroll.
You block the thrashing horror's attack. x2
The brown ugly thing pecks you.
* * * LOW HITPOINT WARNING * * *
The acid corrodes you!
You are splashed with acid!
The acid burns!
You die...

#### ###.§.##
.# #@#..# #
#.uu...#
#.*XW#...## #
.
.x###.....##
# ... .
##..#X.x. ##
#..#..#.###3#
# ....#) #.##
# #.#####.###
...# ####..#


You could see a starcursed mass, a red very ugly thing, a wretched star, a brown
ugly thing, an ancient zyme, a thrashing horror, a ynoxinul, a small abomination
and a shadow (invisible).

Vanquished Creatures
  Dissolution (Slime:3)
  the Royal Jelly (Slime:5)
  4 ancient liches
  Frederick (Depths:5)
  Xtahua (Crypt:1)
  Saint Roka (Crypt:1)
  Nikola (Elf:3)
  3 golden dragons
  A profane servitor (Abyss:1)
  6 bone dragons
  A Tzitzimitl (WizLab)
  47 large abominations
  3 hellephants
  5 tentacled monstrosities
  2 Hell Sentinels
  5 deep elf blademasters
  2 deep elf master archers
  16 titans
  11 liches
  28 acid blobs
  5 sphinxes
  11 tentacled starspawn
  5 Executioners
  6 tengu reavers
  A sphinx (shapeshifter) (Vaults:5)
  2 ancient champions
  Frances (Swamp:1)
  6 storm dragons
  Kirke (Lair:5)
  2 revenants
  9 shadow dragons
  4 thorn hunters
  18 azure jellies
  24 frost giants
  Donald (Swamp:2)
  7 deep elf sorcerers
  18 vault wardens
  6 ghost moths
  15 fire giants
  4 iron dragons
  11 emperor scorpions
  A draconian shifter (Abyss:1)
  An angel (Abyss:3)
  6 orc warlords
  5 deep elf elementalists
  Louise (Spider:1)
  4 ghouls (Crypt:2)
  A cacodemon (Abyss:4)
  A draconian annihilator (Depths:5)
  4 reapers
  2 draconian stormcallers (Depths:5)
  A curse skull (Crypt:3)
  6 war gargoyles
  33 stone giants
  33 very ugly things
  21 ironheart preservers
  7 vampire knights
  3 entropy weavers
  An ophan (Depths:3)
  3 white draconians
  10 deep elf demonologists
  4 black draconians
  2 green draconians
  4 eidola
  A yellow draconian (Crypt:1)
  3 purple draconians
  2 spark wasps (Depths:4)
  A red draconian (Crypt:3)
  4 lorocyprocas
  6 deep elf annihilators
  2 quicksilver dragon zombies
  A green death (Abyss:2)
  17 ettins
  11 fire dragons
  A minotaur (shapeshifter) (Depths:4)
  3 blizzard demons
  12 deep elf death magi
  10 jiangshi
  4 deep elf high priests
  11 death oozes (Slime:5)
  23 yaktaur captains
  7 rakshasas
  15 great orbs of eyes
  35 vault guards
  A ghost crab (Swamp:2)
  A naga warrior (Abyss:5)
  31 hydras
  2 catoblepae
  7 ice dragons
  A spriggan air mage (Depths:2)
  A satyr (shapeshifter) (Depths:4)
  15 ogre magi
  17 centaur warriors
  26 dancing weapons
  4 death knights
  47 two-headed ogres
  10 alligators
  A deep troll earth mage (Depths:5)
  9 tengu warriors
  7 deep troll shamans
  21 thrashing horrors
  A death yak (IceCv)
  2 shock serpents (shapeshifter)
  7 spriggan berserkers
  13 hell hogs
  27 hell knights
  7 sun demons
  A storm dragon zombie (Abyss:4)
  35 deep elf knights
  13 vampire magi
  2 soul eaters
  3 spatial maelstroms
  5 sixfirhies
  21 wretched stars
  13 skeletal warriors
  7 shadow wraiths
  5 iron trolls
  A fire crab (Lair:6)
  2 spriggan druids
  9 flayed ghosts
  An iron giant zombie (Crypt:2)
  An anaconda zombie (Abyss:2)
  2 death drakes (Abyss:2)
  An orange crystal statue (Depths:4)
  4 unseen horrors
  The ghost of teukkam the Fighter, a novice MiFi of Wu Jian (D:7)
  8 glowing orange brains
  34 deep trolls
  22 deep elf archers
  A torturous demonspawn (Depths:4)
  2 shambling mangroves (Swamp:3)
  16 ironbrand convokers
  An infernal demonspawn (Depths:5)
  2 shadow demons
  16 swamp dragons
  26 orc knights
  16 phantasmal warriors
  The ghost of inc the Covert, a novice FeEn of Dithmenos (Orc:2)
  5 harpies (Vaults:4)
  3 lindwurms
  50 ugly things
  A wolf spider zombie (Crypt:3)
  38 wolf spiders
  10 necromancers
  22 orb spiders
  98 deep elf magi
  15 cyclopes
  4 fire giant zombies
  6 orc sorcerers
  18 wizards
  A shadow dragon skeleton (Vaults:5)
  A cyclops (shapeshifter) (Vaults:5)
  3 oklob plants (Lair:3)
  5 manticores
  A stone giant zombie (D:15)
  10 worldbinders
  4 moths of wrath
  A toenail golem (Abyss:1)
  8 elephants
  A fire giant skeleton (D:15)
  30 smoke demons
  9 orange demons
  2 eyes of devastation
  A frost giant skeleton (Vaults:5)
  A titan simulacrum (Crypt:1)
  7 apocalypse crabs
  5 black mambas
  13 vault sentinels
  2 rust devils
  2 molten gargoyles (Lair:6)
  An ice statue (IceCv)
  6 gargoyles
  2 torpor snails (Spider:2)
  14 spiny frogs
  11 komodo dragons
  A purple draconian zombie (Crypt:2)
  15 freezing wraiths
  2 hellions (WizLab)
  A komodo dragon (shapeshifter) (D:13)
  5 efreet
  A yaktaur zombie (D:15)
  5 rime drakes
  14 demonic crawlers
  8 tengu conjurers
  49 yaktaurs
  2 tormentors
  15 ancient zymes
  3 kobold demonologists
  An ice devil (Abyss:2)
  A purple draconian skeleton (Crypt:1)
  A catoblepas skeleton (Crypt:1)
  A yaktaur skeleton (Vaults:5)
  97 starcursed masses
  8 trolls
  6 meliai
  2 queen bees
  A harpy zombie (Abyss:2)
  3 red devils (Crypt:3)
  22 jumping spiders
  A hydra zombie (Abyss:2)
  16 polar bears
  4 hellwings
  A wind drake (shapeshifter) (Vaults:1)
  3 queen bees (shapeshifter)
  6 tyrant leeches
  The ghost of shakethe the Skirmisher, an amateur DsFi (D:4)
  22 hornets
  A merfolk (shapeshifter) (Depths:2)
  A jumping spider (shapeshifter) (D:15)
  13 blink frogs
  A hornet (shapeshifter) (Vaults:5)
  A meliai zombie (D:13)
  9 hippogriffs
  53 raiju
  A hippogriff (shapeshifter) (Depths:3)
  4 bog bodies
  An ettin skeleton (Abyss:1)
  5 dream sheep (Lair:6)
  128 slime creatures
  6 flying skulls
  8 shadows
  11 spriggans
  An ice dragon skeleton (Crypt:3)
  A tarantella (shapeshifter) (Vaults:5)
  60 yaks
  A centaur simulacrum (D:13)
  71 redbacks
  A satyr skeleton (Crypt:2)
  32 tarantellas
  4 air elementals
  A spriggan (shapeshifter) (Vaults:4)
  13 wraiths
  A black mamba zombie (Abyss:5)
  A fire dragon skeleton (Crypt:3)
  12 water elementals
  8 vampires
  10 ynoxinuls
  3 basilisks (shapeshifter)
  A redback (shapeshifter) (Elf:1)
  6 wyverns
  8 fire bats
  10 golden eyes
  A human (shapeshifter) (D:15)
  7 basilisks
  11 hungry ghosts
  2 fire elementals
  11 neqoxecs
  A yaktaur simulacrum (Vaults:3)
  18 chaos spawn
  16 wargs
  Menkaure (D:5)
  18 vampire mosquitoes
  3 spatial vortices (Abyss:4)
  24 swamp worms
  14 insubstantial wisps
  3 acid dragons
  A deep troll zombie (Crypt:2)
  12 water moccasins
  4 hell hounds
  A water moccasin (shapeshifter) (Abyss:5)
  14 porcupines
  2 floating eyes
  65 orc warriors
  13 swamp drakes
  A sky beast (D:12)
  2 snapping turtle zombies
  3 ice beasts
  2 sky beasts (shapeshifter)
  An ettin simulacrum (Crypt:1)
  45 ogres
  2 phantoms
  2 necrophages (Crypt:2)
  4 black bears
  5 eyes of draining
  26 centaurs
  36 wolves
  A torpor snail zombie (Crypt:1)
  11 boggarts
  A blink frog skeleton (Crypt:1)
  A snapping turtle skeleton (Abyss:1)
  3 big kobolds
  16 crocodiles
  A rime drake zombie (Crypt:1)
  An elf simulacrum (Vaults:1)
  A fire crab zombie (Crypt:1)
  19 bullfrogs
  2 wyvern zombies
  8 earth elementals
  A water moccasin zombie (D:10)
  46 small abominations
  A spiny frog simulacrum (Abyss:1)
  3 scorpions
  9 wights
  27 killer bees
  A howler monkey (D:11)
  2 spectral wolves (Depths:3)
  2 electric eels
  12 crimson imps
  5 lava snakes (Lair:6)
  A human simulacrum (Vaults:1)
  5 bullfrog zombies
  6 quasits
  6 centaur skeletons
  5 hounds
  A human zombie (Crypt:1)
  11 jellies
  25 orc priests
  Crazy Yiuf (D:7)
  A bullfrog skeleton (D:12)
  48 orc wizards
  A gnoll shaman (D:6)
  5 iron imps
  A basilisk zombie (Crypt:2)
  Ijyb (D:3)
  A human skeleton (Crypt:2)
  An iguana (shapeshifter) (Vaults:5)
  5 iguanas
  9 worker ants
  A naga zombie (Crypt:1)
  Robin (D:4)
  3 gnolls (D:6)
  17 adders
  A naga simulacrum (Abyss:1)
  6 shadow imps
  5 white imps
  3 ufetubi (Abyss:1)
  An ooze (D:1)
  3 adder skeletons
  2 worms (D:3)
  4 dart slugs
  3 leopard geckos
  171 orcs
  5 giant cockroaches
  10 goblins
  11 hobgoblins
  7 jackals
  8 quokkas
  4 ball pythons
  6 bats
  4 frilled lizards
  A hobgoblin zombie (Crypt:2)
  A jackal skeleton (Crypt:1)
  A jackal zombie (Crypt:1)
  16 kobolds
  A kobold skeleton (Crypt:3)
  A kobold zombie (Crypt:2)
  9 rats
  7 plants
  15 starspawn tentacles
  2 withered plants (Crypt:3)
3376 creatures vanquished.

Vanquished Creatures (collateral kills)
  A tentacled starspawn (Abyss:5)
  2 acid blobs
  2 death oozes
  A naga warrior (Abyss:5)
  A hell hog (Abyss:5)
  2 wretched stars (Abyss:5)
  5 shining eyes
  A deep elf mage (Abyss:5)
  2 worldbinders (Abyss:5)
  3 smoke demons (Abyss:5)
  A guardian serpent (Abyss:5)
  An orange demon (Abyss:5)
  3 ancient zymes (Abyss:5)
  4 slime creatures
  6 raiju (Abyss:5)
  A ynoxinul (Abyss:5)
  2 large abominations (Abyss:5)
  A hog (shapeshifter) (Abyss:5)
  7 neqoxecs
  A spatial vortex (Abyss:4)
  An insubstantial wisp (Abyss:5)
  A naga (Abyss:5)
  2 small abominations (Abyss:5)
  An eye of draining (Slime:3)
52 creatures vanquished.

Vanquished Creatures (others)
  4 deep elf master archers
  A fire giant (Depths:3)
  A cacodemon (Abyss:5)
  An ironheart preserver (Vaults:2)
  A war gargoyle (Vaults:5)
  A stone giant (Vaults:5)
  Nessos (Orc:2)
  A yaktaur captain (Depths:5)
  A centaur warrior (Depths:4)
  A dancing weapon (Elf:2)
  4 deep elf archers
  An orb spider (Spider:1)
  A wolf spider (Spider:1)
  A deep elf mage (Elf:2)
  A cyclops (Depths:3)
  A mana viper (Abyss:5)
  11 yaktaurs
  A tengu conjurer (Depths:1)
  A jumping spider (Spider:4)
  A hippogriff (D:12)
  3 humans (Lair:5)
  2 yaks (IceCv)
  2 chaos spawn (Abyss:5)
  A vampire mosquito (Swamp:4)
  A warg (Orc:2)
  2 orc warriors
  A centaur (Depths:3)
  2 orc wizards
  2 small abominations
  An adder (D:12)
  A white imp (Abyss:1)
  An orc (Vaults:5)
  A kobold (Depths:3)
  A briar patch (Swamp:3)
  A bush (Abyss:1)
  19 fungi
  7 lurking horrors
  32 plants
  38 starspawn tentacles
154 creatures vanquished.

Grand Total: 3582 creatures vanquished

Notes
Turn   | Place    | Note
-------+----------+-------------------------------------------
     0 | D:1      | shakethe the Gargoyle Fighter began the quest for the Orb.
     0 | D:1      | Reached XP level 1. HP: 14/14 MP: 1/1
     6 | D:1      | Noticed a redback
     6 | D:1      | Noticed an iguana
     7 | D:1      | Noticed a rime drake
     7 | D:1      | Noticed a black mamba
    65 | D:1      | Reached XP level 2. HP: 14/19 MP: 2/2
   253 | D:1      | Reached XP level 3. HP: 11/24 MP: 3/3
   838 | D:2      | Found an opulent altar of Gozag.
   849 | D:2      | Reached XP level 4. HP: 29/29 MP: 4/4
   979 | D:2      | Found a shattered altar of Ashenzari.
  1164 | D:2      | Found a bloodstained altar of Trog.
  1315 | D:2      | Found a basalt altar of Yredelemnul.
  1678 | D:2      | Reached skill level 4 in Fighting
  1881 | D:3      | Noticed Ijyb
  1881 | D:3      | Paralysed by Ijyb for 3 turns
  1887 | D:3      | Paralysed by Ijyb for 3 turns
  1893 | D:3      | Paralysed by Ijyb for 5 turns
  1905 | D:3      | Paralysed by Ijyb for 7 turns
  1919 | D:3      | Killed Ijyb
  1919 | D:3      | Reached skill level 4 in Armour
  1919 | D:3      | Reached skill level 4 in Shields
  1934 | D:3      | Found an ancient bone altar of Kikubaaqudgha.
  1939 | D:3      | Reached skill level 3 in Maces & Flails
  2008 | D:3      | Reached XP level 5. HP: 30/33 MP: 5/5
  2265 | D:3      | Found a stormy altar of Qazlal.
  2266 | D:3      | Noticed a water elemental
  2268 | D:3      | Noticed a fire elemental
  2268 | D:3      | Noticed an air elemental
  2609 | D:4      | Found Zaramikkix's Assorted Antiques.
  2638 | D:4      | Reached skill level 1 in Evocations
  2694 | D:4      | Reached XP level 6. HP: 34/39 MP: 6/6
  2695 | D:4      | Noticed Robin
  2968 | D:4      | Killed Robin
  2977 | D:4      | Noticed shakethe's ghost (amateur DsFi)
  3004 | D:4      | HP: 7/39 [shakethe's ghost (10)]
  3281 | D:4      | Found Ziecefue's Weapon Shoppe.
  3460 | D:4      | Found a staircase to the Ecumenical Temple.
  3481 | Temple   | Entered the Ecumenical Temple
  3739 | D:4      | Found Cumum's Antique Armour Emporium.
  3753 | D:4      | Bought a pair of glowing boots for 165 gold pieces
  3794 | D:4      | Found an iron altar of Okawaru.
  3844 | D:4      | Found a radiant altar of Vehumet.
  3862 | D:4      | Became a worshipper of Warmaster Okawaru
  3935 | D:4      | Found Axijisch's Distillery.
  3938 | D:4      | Bought a potion of curing for 42 gold pieces
  3938 | D:4      | Bought a potion of degeneration for 14 gold pieces
  4242 | D:4      | Killed shakethe's ghost
  4242 | D:4      | Reached skill level 5 in Fighting
  4242 | D:4      | Reached skill level 4 in Maces & Flails
  4242 | D:4      | Reached skill level 5 in Armour
  4242 | D:4      | Reached skill level 5 in Shields
  4242 | D:4      | Reached skill level 2 in Evocations
  4242 | D:4      | Reached XP level 7. HP: 27/44 MP: 8/8
  4255 | D:4      | Found Tuylexyun's Antique Armour Shoppe.
  4429 | D:4      | Found a snail-covered altar of Cheibriados.
  4449 | D:5      | Entered Level 5 of the Dungeon
  4650 | D:5      | Reached * piety under Okawaru
  4699 | D:5      | Reached skill level 1 in Invocations
  4872 | D:5      | Reached XP level 8. HP: 50/50 MP: 9/9
  4911 | D:5      | Noticed Menkaure
  4920 | D:5      | Killed Menkaure
  5016 | D:5      | Reached skill level 3 in Evocations
  5402 | D:6      | Reached skill level 2 in Invocations
  5416 | D:6      | Reached ** piety under Okawaru
  5896 | D:6      | Reached skill level 5 in Maces & Flails
  5906 | D:6      | Found a deep blue altar of Sif Muna.
  5920 | D:6      | Reached skill level 6 in Fighting
  5931 | D:6      | Reached skill level 6 in Shields
  5943 | D:6      | Reached skill level 6 in Armour
  6286 | D:6      | Reached skill level 3 in Invocations
  6548 | D:6      | Found a hazy altar of Hepliaklqana.
  6840 | D:7      | Reached XP level 9. HP: 50/56 MP: 9/11
  6891 | D:7      | Found an ancient bone altar of Kikubaaqudgha.
  7013 | D:7      | Found a runed door.
  7133 | D:7      | Noticed teukkam's ghost (novice MiFi)
  7169 | D:7      | Killed teukkam's ghost
  7169 | D:7      | Reached *** piety under Okawaru
  7169 | D:7      | Reached skill level 6 in Maces & Flails
  7169 | D:7      | Reached skill level 4 in Invocations
  7247 | D:7      | Reached skill level 7 in Fighting
  7247 | D:7      | Reached skill level 7 in Armour
  7249 | D:7      | Reached skill level 7 in Shields
  7481 | D:7      | Found Emaisid's Jewellery Boutique.
  7835 | D:7      | Noticed Crazy Yiuf
  7843 | D:7      | Killed Crazy Yiuf
  7987 | D:8      | Noticed a queen bee
  8024 | D:7      | HP: 13/57 [killer bee (8)]
  8029 | D:7      | HP: 11/57 [killer bee (2)]
  8034 | D:7      | HP: 7/57 [killer bee (5)]
  8348 | D:8      | Found a sacrificial altar of Ru.
  8396 | D:8      | Killed a queen bee
  8439 | D:8      | Reached skill level 5 in Invocations
  8524 | D:8      | Reached XP level 10. HP: 51/63 MP: 13/13
  9085 | D:9      | Got a bloodstained great mace
  9086 | D:9      | Identified the +10 great mace of Leufretz {distort, rPois rN+ Dex+4 Stlth+} (You found it on level 9 of the Dungeon)
  9279 | D:9      | Reached skill level 8 in Shields
  9288 | D:9      | Reached **** piety under Okawaru
  9288 | D:9      | Reached skill level 8 in Fighting
  9288 | D:9      | Reached skill level 7 in Maces & Flails
  9288 | D:9      | Reached skill level 8 in Armour
  9328 | D:9      | Found a shadowy altar of Dithmenos.
  9414 | D:9      | Reached skill level 6 in Invocations
  9448 | D:9      | Noticed a two-headed ogre
  9450 | D:9      | Noticed a two-headed ogre
  9460 | D:9      | Killed a two-headed ogre
  9460 | D:9      | Reached ***** piety under Okawaru
  9464 | D:9      | Killed a two-headed ogre
 10028 | D:9      | Reached XP level 11. HP: 69/69 MP: 16/16
 10134 | D:10     | Entered Level 10 of the Dungeon
 10134 | D:10     | Noticed a two-headed ogre
 10150 | D:10     | Killed a two-headed ogre
 10150 | D:10     | Reached skill level 7 in Invocations
 10186 | D:10     | Noticed an unseen horror
 10197 | D:10     | Killed an unseen horror
 10197 | D:10     | Reached skill level 9 in Fighting
 10197 | D:10     | Reached skill level 8 in Maces & Flails
 10197 | D:10     | Reached skill level 9 in Armour
 10197 | D:10     | Reached skill level 9 in Shields
 10716 | D:10     | Received a gift from Okawaru
 10736 | D:10     | Got a brightly glowing morningstar {god gift}
 10737 | D:10     | Identified the +4 morningstar of Division {flame, rElec rPois rF+ MR+} (Okawaru gifted it to you on level 10 of the Dungeon)
 10780 | D:10     | Found a staircase to the Orcish Mines.
 10939 | D:10     | Noticed a two-headed ogre
 10951 | D:10     | Killed a two-headed ogre
 10951 | D:10     | Reached skill level 8 in Invocations
 11171 | D:10     | Found a staircase to the Lair.
 11596 | D:11     | Found Ziothrur's Antique Weapon Shoppe.
 11617 | D:11     | Found Dev Etur's Magic Scroll Emporium.
 11625 | D:11     | Bought a scroll of magic mapping for 42 gold pieces
 11636 | D:11     | Noticed a white ugly thing
 11655 | D:10     | HP: 18/72 [white ugly thing (10)]
 11662 | D:10     | Killed a white ugly thing
 11708 | D:11     | Reached XP level 12. HP: 69/77 MP: 18/18
 11736 | D:11     | Found Jipt's Jewellery Shoppe.
 11746 | D:11     | Noticed a two-headed ogre
 11753 | D:11     | Killed a two-headed ogre
 11753 | D:11     | Reached skill level 10 in Fighting
 11753 | D:11     | Reached skill level 9 in Maces & Flails
 11753 | D:11     | Reached skill level 10 in Armour
 11753 | D:11     | Reached skill level 10 in Shields
 11758 | D:11     | Found Qerghit's Antique Armour Emporium.
 11790 | D:11     | Found a frozen archway.
 11801 | IceCv    | Entered an ice cave
 11935 | IceCv    | Reached ****** piety under Okawaru
 12194 | IceCv    | HP: 8/77 [ice statue/bolt of cold (14)]
 12548 | IceCv    | Received a gift from Okawaru
 12660 | IceCv    | Reached skill level 9 in Invocations
 13007 | IceCv    | Noticed a death yak
 13027 | IceCv    | Killed a death yak
 13153 | IceCv    | Noticed a frost giant
 13198 | IceCv    | Reached skill level 11 in Fighting
 13208 | IceCv    | Killed a frost giant
 13208 | IceCv    | Reached skill level 10 in Maces & Flails
 13208 | IceCv    | Reached skill level 11 in Armour
 13208 | IceCv    | Reached skill level 11 in Shields
 13208 | IceCv    | Reached XP level 13. HP: 51/84 MP: 13/19
 13410 | IceCv    | Received a gift from Okawaru
 13518 | IceCv    | Identified the +7 demon blade of Midnight {elec, rC+} (You found it in an ice cave)
 14035 | D:11     | Identified the Compendium of Lightness and Conjuration
 14294 | Lair:1   | Entered Level 1 of the Lair of Beasts
 14445 | Lair:1   | Got a steaming lapis lazuli ring
 15161 | Lair:2   | Found a staircase to the Swamp.
 16077 | Lair:2   | Reached skill level 12 in Fighting
 16077 | Lair:2   | Reached skill level 12 in Armour
 16101 | Lair:2   | Identified the ring "Muiq" {rCorr rElec} (You found it on level 1 of the Lair of Beasts)
 16255 | Lair:2   | Reached skill level 12 in Shields
 16277 | Lair:2   | Reached skill level 11 in Maces & Flails
 17107 | Lair:3   | Received a gift from Okawaru
 17117 | Lair:3   | Got a jewelled plate armour {god gift}
 17128 | Lair:3   | Identified the +7 plate armour "Wifinol" {rElec Stlth+} (Okawaru gifted it to you on level 3 of the Lair of Beasts)
 17385 | Lair:3   | Gained mutation: Your large and strong wings let you fly indefinitely. [Gargoyle growth]
 17385 | Lair:3   | Reached XP level 14. HP: 86/92 MP: 20/20
 17666 | Lair:3   | Found a hole to the Spider Nest.
 18973 | Lair:5   | Noticed Kirke
 18986 | Lair:5   | Killed Kirke
 19767 | Lair:6   | Entered Level 6 of the Lair of Beasts
 19881 | Lair:6   | Found a staircase to the Slime Pits.
 19930 | Lair:6   | Reached skill level 13 in Fighting
 20024 | Lair:6   | Reached skill level 13 in Armour
 20035 | Lair:6   | Reached skill level 13 in Shields
 20249 | Lair:6   | Found a large runed door.
 20250 | Lair:6   | Found a large runed door.
 20255 | Lair:6   | Received a gift from Okawaru
 20308 | Lair:6   | Reached skill level 12 in Maces & Flails
 20458 | Lair:6   | Reached skill level 4 in Evocations
 21424 | D:12     | Noticed a sphinx
 21433 | D:12     | Reached XP level 15. HP: 72/99 MP: 21/21
 21443 | D:12     | Killed a sphinx
 21457 | D:12     | Received a gift from Okawaru
 21496 | D:12     | Reached skill level 5 in Evocations
 21853 | D:12     | Got a scorched shield
 21864 | D:12     | Identified the cursed +0 shield of Cowardice {rPois rF+} (You found it on level 12 of the Dungeon)
 22141 | D:12     | Found an opulent altar of Gozag.
 22730 | D:13     | Reached skill level 14 in Fighting
 23016 | D:13     | Reached skill level 14 in Armour
 23038 | D:13     | Reached skill level 14 in Shields
 23087 | D:13     | Received a gift from Okawaru
 23331 | D:13     | Reached skill level 13 in Maces & Flails
 24102 | D:14     | Found Abankube's Antique Armour Emporium.
 24117 | D:14     | Found Kehim's Gadget Shoppe.
 24122 | D:14     | Received a gift from Okawaru
 24150 | D:14     | Bought a wand of paralysis (14) for 224 gold pieces
 24194 | D:14     | Found a gate to the Vaults.
 24289 | D:14     | Reached XP level 16. HP: 103/107 MP: 22/22
 24327 | D:14     | Found Diakir's Distillery.
 24783 | D:14     | Found Lamoxki's Gadget Emporium.
 24887 | D:15     | Entered Level 15 of the Dungeon
 25340 | D:15     | Found a staircase to the Depths.
 25669 | D:15     | Received a gift from Okawaru
 26221 | Orc:1    | Entered Level 1 of the Orcish Mines
 26221 | Orc:1    | Found a bloodstained altar of Trog.
 26284 | Orc:1    | Reached skill level 15 in Fighting
 26289 | Orc:1    | Reached skill level 15 in Armour
 26290 | Orc:1    | HP: 27/108 [soul eater/drain life[an orc sorcerer] (4)]
 26295 | Orc:1    | HP: 16/108 [orc priest/divine providence (12)]
 26890 | Orc:2    | Entered Level 2 of the Orcish Mines
 26890 | Orc:2    | Found Roadaczo's Magic Scroll Boutique.
 26890 | Orc:2    | Found a staircase to the Elven Halls.
 26893 | Orc:2    | Reached skill level 15 in Shields
 26915 | Orc:2    | Noticed inc's ghost (novice FeEn)
 26938 | Orc:2    | Killed inc's ghost
 27235 | Orc:2    | Bought a scroll of acquirement for 572 gold pieces
 27465 | Orc:2    | HP: 26/108 [orc priest/divine providence (13)]
 27474 | Orc:2    | HP: 18/108 [orc priest/divine providence (14)]
 27893 | Orc:2    | Reached skill level 14 in Maces & Flails
 27976 | Orc:2    | Found Qoosis's Antique Armour Emporium.
 27977 | Orc:2    | Found a roughly hewn altar of Beogh.
 27978 | Orc:2    | Found Gale's Antique Weapon Shoppe.
 27999 | Orc:2    | Bought a pair of encrusted gloves for 294 gold pieces
 27999 | Orc:2    | Bought a pair of faintly glowing boots for 294 gold pieces
 27999 | Orc:2    | Bought a dazzling hat for 279 gold pieces
 28009 | Orc:2    | Identified the -2 hat "Homun" {rF- rC+ rCorr SInv} (You bought it in a shop on level 2 of the Orcish Mines)
 28019 | Orc:2    | Identified the +1 pair of gloves of the Solstice {Dex+2 Stlth+} (You bought it in a shop on level 2 of the Orcish Mines)
 28035 | Orc:2    | Identified the +3 pair of boots of Egalitarianism {MR+} (You bought it in a shop on level 2 of the Orcish Mines)
 28183 | Orc:2    | Found a roughly hewn altar of Beogh.
 28329 | Orc:2    | Found a roughly hewn altar of Beogh.
 28414 | Orc:2    | Found a roughly hewn altar of Beogh.
 28440 | Orc:2    | Found Gysch's Armour Shoppe.
 28509 | Orc:2    | Found a roughly hewn altar of Beogh.
 28514 | Orc:2    | Noticed Nessos
 28525 | Orc:2    | Found Utwy's Jewellery Shoppe.
 28547 | Orc:2    | Killed Nessos
 29079 | Swamp:1  | Entered Level 1 of the Swamp
 29214 | Swamp:1  | Noticed a thorn hunter
 29227 | Swamp:1  | Killed a thorn hunter
 29360 | Swamp:1  | Noticed a thorn hunter
 29383 | Swamp:1  | Killed a thorn hunter
 29545 | Swamp:1  | Reached XP level 17. HP: 113/113 MP: 23/23
 29567 | Swamp:1  | Noticed Frances
 29588 | Swamp:1  | Killed Frances
 29714 | Swamp:1  | Noticed Roxanne
 30241 | Swamp:2  | Noticed Donald
 30256 | Swamp:2  | Killed Donald
 30267 | Swamp:2  | Received a gift from Okawaru
 30284 | Swamp:2  | Got a shimmering buckler {god gift}
 30297 | Swamp:2  | Identified the +2 buckler "Pil One" {rElec Str+2 Dex-4} (Okawaru gifted it to you on level 2 of the Swamp)
 30390 | Swamp:2  | Reached skill level 15 in Maces & Flails
 31133 | Swamp:3  | Reached skill level 16 in Fighting
 31390 | Swamp:3  | Reached skill level 16 in Armour
 32061 | Swamp:4  | Entered Level 4 of the Swamp
 32114 | Swamp:4  | HP: 24/115 [swamp dragon (5)]
 32439 | Swamp:3  | Reached XP level 18. HP: 122/122 MP: 24/24
 32474 | Swamp:4  | Received a gift from Okawaru
 32491 | Swamp:3  | HP: 30/122 [five-headed hydra (7)]
 32493 | Swamp:3  | HP: 12/122 [swamp dragon (4)]
 32871 | Swamp:3  | Reached skill level 17 in Fighting
 32984 | Swamp:3  | Reached skill level 16 in Maces & Flails
 33554 | Swamp:4  | Got a decaying rune of Zot
 33628 | Swamp:4  | Reached XP level 19. HP: 122/128 MP: 25/25
 33688 | Swamp:4  | Received a gift from Okawaru
 33839 | Swamp:4  | Got a transparent ring mail
 34232 | Spider:1 | Entered Level 1 of the Spider Nest
 34281 | Spider:1 | Noticed Louise
 34294 | Lair:3   | HP: 31/128 [redback (7)]
 34294 | Lair:3   | HP: 15/128 [redback (16)]
 34999 | Spider:1 | Killed Louise
 35354 | Lair:3   | Reached skill level 17 in Armour
 35421 | Spider:1 | HP: 28/129 [wolf spider (9)]
 35423 | Spider:1 | HP: 6/129 [redback (10)]
 35935 | Spider:1 | HP: 27/130 [disintegration (30)]
 35941 | Spider:1 | HP: 4/130 [disintegration (24)]
 37039 | D:10     | Learned a level 1 spell: Summon Butterflies
 37043 | D:10     | Learned a level 3 spell: Regeneration
 37060 | D:10     | Learned a level 4 spell: Leda's Liquefaction
 37065 | D:10     | Learned a level 4 spell: Force Lance
 37069 | D:10     | Learned a level 3 spell: Inner Flame
 37242 | Spider:2 | Received a gift from Okawaru
 37287 | Spider:2 | Reached skill level 1 in Conjurations
 37303 | Spider:2 | Reached skill level 18 in Fighting
 37303 | Spider:2 | Reached skill level 1 in Earth Magic
 37346 | Spider:2 | Reached skill level 1 in Summonings
 37381 | Spider:2 | Reached skill level 1 in Fire Magic
 37390 | Spider:2 | Reached skill level 1 in Translocations
 37505 | Spider:2 | Reached skill level 1 in Spellcasting
 37778 | Spider:2 | Reached skill level 2 in Conjurations
 37801 | Spider:2 | Reached skill level 2 in Earth Magic
 38032 | Spider:2 | Reached skill level 2 in Fire Magic
 38048 | Spider:2 | Reached skill level 2 in Summonings
 38697 | Spider:3 | Reached skill level 2 in Translocations
 38774 | Spider:3 | Reached skill level 2 in Spellcasting
 38782 | Spider:3 | Reached skill level 3 in Earth Magic
 38850 | Spider:3 | Received a gift from Okawaru
 38860 | Spider:3 | Reached skill level 3 in Conjurations
 38877 | Spider:3 | Got an amber-studded plate armour {god gift}
 39006 | Spider:3 | Identified the +6 plate armour of Immorality {rC- Str+5} (Okawaru gifted it to you on level 3 of the Spider Nest)
 39476 | Spider:4 | Entered Level 4 of the Spider Nest
 39820 | Spider:3 | Reached skill level 3 in Fire Magic
 39994 | Spider:4 | Reached skill level 4 in Earth Magic
 40089 | Spider:4 | Reached skill level 3 in Summonings
 40185 | Spider:4 | Reached skill level 3 in Spellcasting
 40188 | Spider:4 | Reached skill level 3 in Translocations
 40289 | Spider:4 | Reached XP level 20. HP: 123/136 MP: 26/26
 40560 | Spider:4 | Reached skill level 4 in Conjurations
 41280 | Spider:4 | Reached skill level 4 in Fire Magic
 41291 | Spider:4 | Reached skill level 5 in Earth Magic
 41294 | Spider:4 | Got a gossamer rune of Zot
 41664 | Elf:1    | Entered Level 1 of the Elven Halls
 41873 | Elf:1    | Received a gift from Okawaru
 42100 | Elf:1    | Reached skill level 1 in Dodging
 42105 | Elf:1    | Reached skill level 4 in Summonings
 42376 | Elf:1    | Reached skill level 4 in Translocations
 42399 | Elf:1    | Reached skill level 4 in Spellcasting
 42468 | Elf:1    | Reached skill level 5 in Conjurations
 42941 | Elf:1    | Found Titizir's General Store.
 42959 | Elf:1    | Bought a scroll of teleportation for 48 gold pieces
 43031 | Elf:1    | Identified Sif Muna's Guide on Conjuration and Creation
 43277 | Elf:2    | Found Humowk's Assorted Antiques.
 43373 | Elf:2    | Bought a potion of heal wounds for 170 gold pieces
 43414 | Elf:2    | Reached skill level 5 in Fire Magic
 43442 | Elf:2    | Received a gift from Okawaru
 43442 | Elf:2    | Reached skill level 2 in Dodging
 43467 | Elf:2    | Reached skill level 6 in Earth Magic
 43716 | Elf:2    | Found a runed gate.
 43716 | Elf:2    | Found a runed gate.
 43716 | Elf:2    | Found a runed gate.
 43786 | Elf:2    | HP: 23/137 [earth elemental[a deep elf mage] (12)]
 44201 | Elf:2    | Found Lefity's Assorted Antiques.
 44210 | Elf:2    | Bought an ancient granite ring for 155 gold pieces
 44211 | Elf:2    | Identified the ring of Symmetry {rPois Str+4 Int-4 Dex+2} (You bought it in a shop on level 2 of the Elven Halls)
 44328 | Elf:2    | Reached skill level 18 in Armour
 44650 | Elf:2    | Reached skill level 6 in Conjurations
 44666 | Elf:2    | Received a gift from Okawaru
 44681 | Elf:2    | Reached skill level 5 in Summonings
 44681 | Elf:2    | Reached XP level 21. HP: 78/142 MP: 23/28
 44688 | Elf:2    | Got a warped crystal plate armour {god gift}
 44699 | Elf:2    | Identified the +2 crystal plate armour of Satisfaction {Str+2 Int+2 Dex+6} (Okawaru gifted it to you on level 2 of the Elven Halls)
 44776 | Elf:2    | Reached skill level 5 in Spellcasting
 45000 | Elf:3    | Entered Level 3 of the Elven Halls
 45021 | Elf:3    | Reached skill level 5 in Translocations
 45030 | Elf:3    | Reached skill level 3 in Dodging
 45159 | Elf:3    | Found Qeeni's Antique Weapon Shoppe.
 45238 | Elf:3    | Noticed Nikola
 45260 | Elf:3    | Killed Nikola
 45476 | Elf:3    | Reached skill level 7 in Earth Magic
 46012 | Elf:3    | Reached skill level 6 in Fire Magic
 46221 | Elf:3    | Identified the cursed +1 fire dragon scales of the Monkey {rF++ rC- MR+ Str+3 SInv} (You took it off a deep elf high priest on level 3 of the Elven Halls)
 46465 | Elf:3    | Reached skill level 7 in Conjurations
 46479 | Elf:3    | Got a warped robe
 46491 | Elf:3    | Got a crude buckler
 46497 | Elf:3    | Identified the cursed -4 buckler "Vuaqont" {Int+3} (You took it off a deep elf elementalist on level 3 of the Elven Halls)
 46712 | Elf:3    | Identified Vumeotie's Compendium of Confrontation and Weightlessness
 46979 | D:10     | Learned a level 2 spell: Blink
 46985 | D:10     | Learned a level 2 spell: Shroud of Golubria
 47019 | D:11     | Bought a scroll of blinking for 90 gold pieces
 47019 | D:11     | Bought a scroll of teleportation for 36 gold pieces
 47019 | D:11     | Bought a scroll of teleportation for 36 gold pieces
 47019 | D:11     | Bought a scroll of teleportation for 36 gold pieces
 47019 | D:11     | Bought a scroll of fog for 24 gold pieces
 47019 | D:11     | Bought a scroll of immolation for 42 gold pieces
 47019 | D:11     | Bought a scroll of enchant armour for 90 gold pieces
 47091 | Vaults:1 | Entered Level 1 of the Vaults
 47243 | Vaults:1 | Reached skill level 4 in Dodging
 47584 | Vaults:1 | Reached skill level 6 in Summonings
 47886 | Vaults:1 | Reached skill level 8 in Earth Magic
 48254 | Vaults:1 | Received a gift from Okawaru
 48254 | Vaults:1 | Reached skill level 6 in Spellcasting
 48308 | Vaults:1 | Reached skill level 6 in Translocations
 48320 | Vaults:1 | Got a pitted helmet {god gift}
 48334 | Vaults:1 | Identified the +0 helmet "Huth" {rN+ Regen+ SInv} (Okawaru gifted it to you on level 1 of the Vaults)
 48446 | Vaults:1 | Reached skill level 19 in Fighting
 49076 | Vaults:1 | Reached skill level 7 in Fire Magic
 49303 | Vaults:2 | Reached XP level 22. HP: 149/149 MP: 31/31
 49395 | Vaults:2 | Found a portal to a secret trove of treasure.
 49662 | Vaults:2 | Reached skill level 8 in Conjurations
 49807 | Vaults:2 | Reached skill level 5 in Dodging
 49996 | Vaults:2 | Reached skill level 9 in Earth Magic
 50210 | Vaults:2 | Reached skill level 7 in Summonings
 50260 | Vaults:2 | Received a gift from Okawaru
 50270 | Vaults:2 | Reached skill level 7 in Translocations
 50310 | Vaults:2 | Reached skill level 7 in Spellcasting
 50957 | Vaults:3 | Found a staircase to the Crypt.
 51417 | Vaults:3 | Reached skill level 8 in Fire Magic
 51589 | Vaults:3 | Reached skill level 9 in Conjurations
 51755 | Vaults:3 | Reached XP level 23. HP: 152/155 MP: 34/34
 52075 | Vaults:3 | Reached skill level 1 in Throwing
 52361 | Vaults:3 | Received a gift from Okawaru
 52642 | Vaults:4 | Reached skill level 6 in Dodging
 52840 | Vaults:4 | Reached skill level 10 in Earth Magic
 53019 | Vaults:4 | Reached skill level 2 in Throwing
 53054 | Vaults:4 | Found Juit's Antique Weapon Shoppe.
 53479 | Vaults:4 | Reached skill level 19 in Armour
 53871 | Vaults:4 | Reached skill level 8 in Summonings
 54347 | Depths:1 | Entered Level 1 of the Depths
 54371 | Depths:1 | Received a gift from Okawaru
 54371 | Depths:1 | Reached skill level 8 in Translocations
 54379 | Depths:1 | Reached skill level 8 in Spellcasting
 54402 | Depths:1 | Got a polished helmet {god gift}
 54698 | Depths:1 | Reached skill level 3 in Throwing
 54804 | Depths:1 | Found a gateway to Hell.
 55035 | Depths:1 | Got a flickering bronze ring
 55037 | Depths:1 | Identified the ring of Voec {rF++ rC+} (You found it on level 1 of the Depths)
 55048 | Depths:1 | Identified the +0 helmet of Winter {+Inv rC+ Regen+} (Okawaru gifted it to you on level 1 of the Depths)
 55183 | Depths:1 | Found a gateway to a ziggurat.
 55555 | Depths:2 | Reached skill level 9 in Fire Magic
 55555 | Depths:2 | Paralysed by a floating eye for 4 turns
 55755 | Depths:2 | Reached XP level 24. HP: 157/162 MP: 35/35
 55789 | Depths:2 | Reached skill level 10 in Conjurations
 56018 | Depths:2 | Received a gift from Okawaru
 57028 | Depths:3 | Reached skill level 7 in Dodging
 57059 | Depths:3 | Reached skill level 11 in Earth Magic
 57064 | Depths:3 | Reached skill level 4 in Throwing
 57104 | Depths:3 | Found a magical portal.
 57130 | Depths:3 | Found a corrupted altar of Lugonu.
 57130 | Depths:3 | Found a one-way gate to the infinite horrors of the Abyss.
 57298 | WizLab   | Entered Doroklohe's Tomb
 57508 | WizLab   | HP: 39/162 [blizzard demon/the air (19)]
 58365 | Depths:3 | Received a gift from Okawaru
 58417 | Depths:3 | Found a one-way gate leading to the halls of Pandemonium.
 59149 | Depths:3 | Found The Legendary Aschux's Legendary Smithy.
 59460 | Depths:3 | Reached skill level 9 in Translocations
 59639 | Depths:3 | Found a roughly hewn altar of Beogh.
 59952 | Depths:3 | Found Jouh's Slaves and Accessories.
 59971 | Depths:3 | Reached skill level 9 in Spellcasting
 59974 | Depths:3 | Reached skill level 9 in Summonings
 60039 | Depths:3 | Found Jajahis's Miraculous Elixirs.
 60100 | Depths:3 | Reached skill level 20 in Fighting
 60184 | Depths:3 | Found Jack's Jerk-a-riffic Jerky.
 60343 | Depths:3 | Reached skill level 17 in Maces & Flails
 60473 | Depths:4 | Reached XP level 25. HP: 168/168 MP: 36/36
 60557 | Depths:4 | Reached skill level 6 in Evocations
 60598 | Depths:4 | Reached skill level 5 in Throwing
 60937 | Depths:4 | Received a gift from Okawaru
 60937 | Depths:4 | Reached skill level 11 in Conjurations
 60978 | Depths:4 | Reached skill level 10 in Fire Magic
 62004 | Depths:5 | Entered Level 5 of the Depths
 62100 | Depths:5 | Reached skill level 12 in Earth Magic
 62248 | Depths:5 | Noticed Frederick
 62268 | Depths:5 | Killed Frederick
 62268 | Depths:5 | Reached skill level 8 in Dodging
 62389 | Depths:5 | Received a gift from Okawaru
 62389 | Depths:5 | HP: 40/168 [black draconian/bolt of lightning (13)]
 62393 | Depths:5 | HP: 19/168 [yellow draconian stormcaller/divine providence (9)]
 62398 | Depths:5 | HP: 37/168 [shadow dragon/bolt of negative energy (7)]
 62416 | Depths:5 | HP: 41/168 [fire dragon/blast of flame (4)]
 62874 | Depths:5 | Received a gift from Okawaru
 62897 | Depths:5 | Found a gate to the Realm of Zot.
 63035 | Depths:5 | Reached skill level 6 in Throwing
 63591 | Vaults:5 | Entered Level 5 of the Vaults
 63603 | Vaults:5 | Received a gift from Okawaru
 63604 | Vaults:5 | Reached skill level 7 in Evocations
 63607 | Vaults:5 | Received a gift from Okawaru
 63607 | Vaults:5 | Reached XP level 26. HP: 162/174 MP: 30/36
 63653 | Vaults:5 | Reached skill level 10 in Translocations
 63665 | Vaults:5 | HP: 43/175 [phantasmal warrior (15)]
 63789 | Vaults:5 | Received a gift from Okawaru
 63819 | Vaults:5 | Noticed an ancient lich
 63825 | Vaults:5 | HP: 43/175 [tengu reaver/dire flail (2)]
 63844 | Vaults:5 | Reached skill level 10 in Spellcasting
 63951 | Vaults:5 | Reached skill level 10 in Summonings
 64198 | Vaults:5 | Killed an ancient lich
 64198 | Vaults:5 | Reached skill level 12 in Conjurations
 64264 | Vaults:5 | Received a gift from Okawaru
 64509 | Vaults:5 | Received a gift from Okawaru
 64531 | Vaults:5 | Reached skill level 11 in Fire Magic
 64551 | Vaults:5 | Reached skill level 20 in Armour
 64682 | Vaults:5 | Reached skill level 14 in Earth Magic
 64682 | Vaults:5 | Reached XP level 27. HP: 180/180 MP: 37/37
 64732 | Vaults:5 | Reached skill level 1 in Charms
 64751 | Vaults:5 | Reached skill level 1 in Necromancy
 64841 | Vaults:5 | Received a gift from Okawaru
 65055 | Vaults:5 | Reached skill level 7 in Throwing
 65168 | Vaults:5 | Reached skill level 2 in Charms
 65168 | Vaults:5 | Reached skill level 2 in Necromancy
 65198 | Vaults:5 | Received a gift from Okawaru
 65198 | Vaults:5 | Reached skill level 8 in Evocations
 65205 | Vaults:5 | Reached skill level 9 in Dodging
 65385 | Vaults:5 | Identified the Guide on Ashen Snow
 66073 | Vaults:5 | Learned a level 4 spell: Summon Lightning Spire
 66076 | Vaults:5 | Got a silver rune of Zot
 66368 | Vaults:5 | Identified the Handbook of the Escort and the Arsonist
 66988 | Vaults:2 | You paid a toll of +3 storm dragon scales to enter a treasure trove
 66989 | Trove    | Entered a treasure trove
 67052 | Trove    | Found the cursed necklace of Bloodlust {*Rage +Rage MR++ Int-3 Slay+6 *Curse}
 67063 | Trove    | Got a glittering bronze amulet
 67068 | Trove    | Identified the amulet "Soot" {Spirit Str+3 Int+6 Dex+4} (You found it in a treasure trove)
 67094 | Trove    | Identified Sif Muna's Almanac of Excruciating Transmutation
 67142 | Vaults:2 | Learned a level 6 spell: Iron Shot
 67147 | Vaults:2 | Reached skill level 2 in Air Magic
 67148 | Vaults:2 | Reached skill level 13 in Conjurations
 67148 | Vaults:2 | Reached skill level 3 in Air Magic
 67148 | Vaults:2 | Reached skill level 15 in Earth Magic
 67165 | Vaults:2 | Identified the Handbook of Combat Magic (You acquired it on level 2 of the Vaults)
 67184 | Vaults:2 | Learned a level 5 spell: Aura of Abjuration
 67390 | D:10     | Learned a level 4 spell: Passage of Golubria
 67584 | Temple   | Fell from the grace of Okawaru
 67584 | Temple   | Became a worshipper of the Shining One
 67961 | Crypt:1  | Entered Level 1 of the Crypt
 68021 | Crypt:1  | Identified the Volume of Curses
 68093 | Crypt:1  | Reached * piety under the Shining One
 68185 | Crypt:1  | Noticed Saint Roka
 68209 | Crypt:1  | Killed Saint Roka
 68209 | Crypt:1  | Reached skill level 4 in Air Magic
 68253 | Crypt:1  | Reached ** piety under the Shining One
 68404 | Crypt:1  | HP: 45/180 [titan/the air[the fury of Okawaru] (38)]
 68658 | Crypt:1  | Reached *** piety under the Shining One
 68775 | Crypt:1  | Reached skill level 10 in Invocations
 69002 | Crypt:1  | HP: 35/180 [titan/the air[the fury of Okawaru] (24)]
 69189 | Crypt:1  | Noticed Xtahua
 69202 | Crypt:1  | Killed Xtahua
 69202 | Crypt:1  | Reached skill level 5 in Air Magic
 69441 | Vaults:5 | Learned a level 6 spell: Deflect Missiles
 69833 | Crypt:1  | Reached skill level 3 in Charms
 69882 | Crypt:1  | Reached **** piety under the Shining One
 70456 | Crypt:2  | Reached ***** piety under the Shining One
 70683 | Crypt:2  | Reached skill level 4 in Charms
 70864 | Crypt:2  | Reached skill level 11 in Invocations
 71214 | Crypt:3  | Entered Level 3 of the Crypt
 71218 | Crypt:3  | Reached skill level 6 in Air Magic
 71280 | Crypt:3  | Reached ****** piety under the Shining One
 71656 | Crypt:3  | Reached skill level 5 in Charms
 71946 | Crypt:3  | Found a staircase to the Tomb.
 72232 | Crypt:3  | HP: 28/180 [titan/the air[the fury of Okawaru] (36)]
 73053 | Crypt:3  | Reached skill level 12 in Invocations
 73113 | Crypt:3  | Found an ancient bone altar of Kikubaaqudgha.
 73129 | Crypt:3  | Reached skill level 6 in Charms
 73142 | Crypt:3  | Noticed an ancient lich
 73157 | Crypt:3  | Killed an ancient lich
 73157 | Crypt:3  | Reached skill level 7 in Air Magic
 73216 | Crypt:3  | Noticed an ancient lich
 73231 | Crypt:3  | Killed an ancient lich
 74263 | Swamp:4  | Identified a +3 sacred scourge of holy wrath (a +1 demon whip of venom blessed by the Shining One)
 74263 | Swamp:4  | Received a gift from the Shining One
 74707 | Slime:1  | Entered Level 1 of the Pits of Slime
 74957 | Slime:2  | Was forgiven by Okawaru
 74970 | Slime:2  | HP: 42/180 [acid (8)]
 75717 | Slime:3  | Reached skill level 13 in Invocations
 76100 | Slime:2  | HP: 44/180 [acid (7)]
 76105 | Slime:2  | HP: 43/180 [acid (4)]
 76108 | Slime:2  | HP: 12/180 [acid (20)]
 76116 | Slime:2  | Reached skill level 7 in Charms
 76857 | Slime:2  | HP: 43/180 [acid (11)]
 77875 | Slime:4  | Noticed Dissolution
 77890 | Slime:3  | Killed Dissolution
 77890 | Slime:3  | Reached skill level 8 in Air Magic
 78040 | Slime:4  | Reached skill level 14 in Invocations
 78343 | Slime:4  | Reached skill level 8 in Charms
 78912 | Slime:5  | Entered Level 5 of the Pits of Slime
 79171 | Slime:5  | Gained mutation: You are clumsy. (Dex -2) [a shining eye]
 79192 | Slime:5  | Lost mutation: You are clumsy. (Dex -2) [potion of mutation]
 79192 | Slime:5  | Gained mutation: You have a pair of small horns on your head. [potion of mutation]
 79192 | Slime:5  | Gained mutation: You are partially covered in rugged brown scales. (AC +1, +3% HP) [potion of mutation]
 79192 | Slime:5  | Gained mutation: You have a somewhat thin skeletal structure. (Dex +2, Stealth) [potion of mutation]
 79193 | Slime:5  | Lost mutation: You have a somewhat thin skeletal structure. (Dex +2, Stealth) [potion of mutation]
 79193 | Slime:5  | Lost mutation: You have a pair of small horns on your head. [potion of mutation]
 79193 | Slime:5  | Gained mutation: You have supernaturally acute eyesight. (SInv) [potion of mutation]
 79193 | Slime:5  | Gained mutation: You tend to lose your temper in combat. [potion of mutation]
 79193 | Slime:5  | Gained mutation: You are clumsy. (Dex -2) [potion of mutation]
 79193 | Slime:5  | Gained mutation: You have a pair of small horns on your head. [potion of mutation]
 79194 | Slime:5  | Lost mutation: You tend to lose your temper in combat. [potion of mutation]
 79194 | Slime:5  | Lost mutation: You have a pair of small horns on your head. [potion of mutation]
 79194 | Slime:5  | Lost mutation: You have supernaturally acute eyesight. (SInv) [potion of mutation]
 79194 | Slime:5  | Gained mutation: You are partially covered in icy blue scales. (AC +2) [potion of mutation]
 79194 | Slime:5  | Gained mutation: Your flesh is heat resistant. (rF+) [potion of mutation]
 79194 | Slime:5  | Gained mutation: You have a pair of small horns on your head. [potion of mutation]
 79195 | Slime:5  | Lost mutation: You are clumsy. (Dex -2) [potion of mutation]
 79195 | Slime:5  | Lost mutation: You are partially covered in rugged brown scales. (AC +1, +3% HP) [potion of mutation]
 79195 | Slime:5  | Gained mutation: You have a pair of horns on your head. [potion of mutation]
 79195 | Slime:5  | Gained mutation: Your mind is acute. (Int +2) [potion of mutation]
 79786 | Slime:5  | Reached skill level 15 in Invocations
 79952 | Slime:5  | Reached skill level 9 in Air Magic
 80077 | Slime:5  | Found a viscous altar of Jiyva.
 80108 | Slime:5  | Noticed the Royal Jelly
 80550 | Slime:5  | Killed the Royal Jelly
 80573 | Slime:5  | HP: 41/180 [acid[the Royal Jelly] (7)]
 80580 | Slime:5  | HP: 36/180 [acid[the Royal Jelly] (7)]
 81256 | Slime:5  | HP: 43/180 [acid[the Royal Jelly] (8)]
 81685 | Slime:5  | Got a slimy rune of Zot
 81702 | Slime:5  | Identified Enkeor's Catalogue of the Traveller and Companions
 81756 | Slime:5  | Identified the Almanac of the Entourage and Arcane Weapons
 81865 | Slime:5  | Identified the +10 arbalest of Byvih {freeze, Fragile Int+7} (You found it on level 5 of the Pits of Slime)
 81889 | Slime:5  | Learned a level 9 spell: Shatter
 81907 | Slime:5  | Identified the +5 mace "Ycra" {venom, rN+++ Int-5 Dex-3} (You found it on level 5 of the Pits of Slime)
 82959 | Depths:3 | Voluntarily entered the Abyss.
 82959 | Abyss:1  | Found a corrupted altar of Lugonu.
 83180 | Abyss:1  | Gained mutation: You do not regenerate when monsters are visible. [a neqoxec]
 83194 | Abyss:1  | Lost mutation: Your mind is acute. (Int +2) [potion of mutation]
 83194 | Abyss:1  | Lost mutation: Your flesh is heat resistant. (rF+) [potion of mutation]
 83194 | Abyss:1  | Lost mutation: You have a pair of horns on your head. [potion of mutation]
 83194 | Abyss:1  | Gained mutation: You are partially covered in yellow scales. (AC +2) [potion of mutation]
 83194 | Abyss:1  | Lost mutation: You have a pair of small horns on your head. [potion of mutation]
 83194 | Abyss:1  | Gained mutation: Armour fits poorly on your strangely shaped body. [potion of mutation]
 83194 | Abyss:1  | Gained mutation: You are robust. (+10% HP) [potion of mutation]
 83195 | Abyss:1  | Lost mutation: Armour fits poorly on your strangely shaped body. [potion of mutation]
 83195 | Abyss:1  | Lost mutation: You do not regenerate when monsters are visible. [potion of mutation]
 83195 | Abyss:1  | Lost mutation: You are robust. (+10% HP) [potion of mutation]
 83195 | Abyss:1  | Gained mutation: Armour fits poorly on your strangely shaped body. [potion of mutation]
 83195 | Abyss:1  | Gained mutation: Your movements are slightly less encumbered by armour. (ER -2) [potion of mutation]
 83220 | Abyss:1  | Paralysed by accursed screaming for 1 turns
 84138 | Depths:3 | Escaped the Abyss
 84508 | Depths:3 | Voluntarily entered the Abyss.
 84554 | Abyss:2  | Found a corrupted altar of Lugonu.
 85239 | Abyss:2  | Reached skill level 18 in Maces & Flails
 85561 | Abyss:2  | Paralysed by accursed screaming for 2 turns
 85572 | Abyss:2  | Reached skill level 11 in Translocations
 85585 | Abyss:2  | Paralysed by accursed screaming for 1 turns
 85647 | Abyss:2  | Reached skill level 11 in Spellcasting
 85654 | Abyss:2  | Found a corrupted altar of Lugonu.
 85821 | Abyss:2  | Gained mutation: You expend magic power (3 MP) to strengthen your wands. [a neqoxec]
 85958 | Abyss:3  | Paralysed by accursed screaming for 1 turns
 86280 | Abyss:3  | Reached skill level 21 in Fighting
 86298 | Abyss:3  | Paralysed by accursed screaming for 1 turns
 86313 | Abyss:3  | Paralysed by accursed screaming for 1 turns
 86475 | Abyss:5  | Entered Level 5 of the Abyss
 86598 | Abyss:5  | Reached skill level 16 in Earth Magic
 86598 | Abyss:5  | Reached skill level 16 in Invocations
 86808 | Abyss:5  | Reached skill level 10 in Dodging
 86887 | Abyss:5  | Noticed an ancient lich
 86909 | Abyss:5  | Killed an ancient lich
 87019 | Abyss:5  | Paralysed by accursed screaming for 1 turns
 87031 | Abyss:5  | HP: 36/163 [starcursed mass/accursed screaming (6)]
 87036 | Abyss:5  | HP: 18/163 [starcursed mass/accursed screaming (6)]
 87042 | Abyss:5  | HP: 38/163 [starcursed mass/accursed screaming (10)]
 87331 | Abyss:5  | Gained mutation: You are very clumsy. (Dex -4) [a neqoxec]
 87345 | Abyss:5  | Gained mutation: You tend to lose your temper in combat. [a neqoxec]
 87346 | Abyss:5  | Gained mutation: You frequently scream uncontrollably at your foes. [a neqoxec]
 87361 | Abyss:5  | Paralysed by accursed screaming for 1 turns
 87365 | Abyss:5  | Paralysed by accursed screaming for 1 turns
 87368 | Abyss:5  | HP: 24/127 [water elemental (10)]
 87369 | Abyss:5  | HP: 11/127 [starcursed mass/accursed screaming (13)]
 87374 | Depths:3 | Escaped the Abyss
 87611 | Depths:3 | Voluntarily entered the Abyss.
 87657 | Abyss:1  | Paralysed by accursed screaming for 1 turns
 87673 | Abyss:1  | Paralysed by accursed screaming for 2 turns
 87684 | Depths:3 | Escaped the Abyss
 87841 | Depths:3 | Voluntarily entered the Abyss.
 88214 | Abyss:1  | Reached skill level 21 in Armour
 88226 | Abyss:1  | Reached skill level 12 in Spellcasting
 88259 | Abyss:1  | Reached skill level 12 in Translocations
 88800 | Abyss:2  | Gained mutation: Your magical capacity is low. (-10% MP) [a neqoxec]
 89031 | Abyss:4  | Gained mutation: Your body sometimes deteriorates upon taking damage. [a neqoxec]
 89071 | Abyss:4  | Paralysed by accursed screaming for 1 turns
 89077 | Abyss:4  | Paralysed by accursed screaming for 1 turns
 89093 | Abyss:4  | HP: 45/183 [starcursed mass (7)]
 89095 | Abyss:4  | Paralysed by accursed screaming for 1 turns
 89097 | Abyss:4  | HP: 22/183 [starcursed mass/accursed screaming (16)]
 89102 | Abyss:4  | HP: 14/183 [starcursed mass/accursed screaming (5)]
 89104 | Abyss:4  | HP: 6/183 [starcursed mass/accursed screaming (10)]
 89113 | Abyss:4  | HP: 14/183 [starcursed mass/accursed screaming (13)]
 89128 | Abyss:4  | HP: 32/183 [starcursed mass/accursed screaming (5)]
 89138 | Abyss:4  | HP: 34/183 [starcursed mass/accursed screaming (4)]
 89143 | Abyss:4  | HP: 28/183 [tentacled starspawn (9)]
 89156 | Abyss:4  | HP: 44/183 [starcursed mass/accursed screaming (6)]
 89161 | Abyss:4  | HP: 42/183 [tentacled monstrosity (4)]
 89225 | Abyss:4  | HP: 42/183 [starcursed mass/accursed screaming (8)]
 89413 | Abyss:4  | Reached skill level 17 in Earth Magic
 89504 | Abyss:4  | Found a corrupted altar of Lugonu.
 89529 | Abyss:4  | Gained mutation: You do not regenerate when monsters are visible. [a neqoxec]
 89530 | Abyss:4  | Gained mutation: You often lose your temper in combat. [a neqoxec]
 89534 | Abyss:4  | Gained mutation: Scrolls take you a little longer to read. [a neqoxec]
 89578 | Abyss:4  | Found a corrupted altar of Lugonu.
 89621 | Abyss:4  | Paralysed by accursed screaming for 1 turns
 89817 | Abyss:4  | HP: 38/183 [white very ugly thing (10)]
 89818 | Abyss:4  | HP: 16/183 [starcursed mass/accursed screaming (5)]
 89823 | Abyss:4  | HP: 31/183 [starcursed mass/accursed screaming (6)]
 89851 | Abyss:4  | HP: 34/183 [starcursed mass/accursed screaming (4)]
 89851 | Abyss:4  | HP: 12/183 [red very ugly thing (7)]
 89856 | Abyss:4  | HP: 9/184 [brown ugly thing (3)]
 89856 | Abyss:4  | Splashed by a brown ugly thing's acid

Skill      XL: |  1  2  3  4  5  6  7  8  9 10 11 12 13 14 15 16 17 18 19 20 21 22 23 24 25 26 27 |
---------------+----------------------------------------------------------------------------------+-----
Fighting       | 4 5 6 7 8 9 11 12 13 14 15 16 17 18 19 20 21 | 21.6
Armour         | 4 5 6 7 8 9 11 12 13 14 15 16 17 18 19 20 21 | 21.2
Shields        | 4 5 6 7 8 9 11 12 13 14 15 | 15.0
Maces & Flails | 3 4 5 6 7 8 10 11 12 13 14 15 16 17 18 | 18.8
Evocations     | 1 2 3 4 5 7 8 |  8.4
Invocations    | 1 3 5 6 8 9 16 | 16.9
Conjurations   | 3 6 7 9 10 11 12 13 | 13.4
Earth Magic    | 4 6 8 9 10 11 12 14 17 | 17.1
Summonings     | 3 5 6 7 8 9 10 | 10.4
Fire Magic     | 3 5 7 8 9 10 11 | 11.3
Translocations | 3 4 6 7 8 9 10 12 | 12.3
Spellcasting   | 3 4 6 7 8 9 10 12 | 12.3
Dodging        | 2 4 5 6 7 8 10 | 10.9
Throwing       | 3 4 6 7 |  7.4
Charms         | 8 |  8.9
Necromancy     | 2 |  2.6
Air Magic      | 9 |  9.2

Action                   |  1- 3 |  4- 6 |  7- 9 | 10-12 | 13-15 | 16-18 | 19-21 | 22-24 | 25-27 || total
-------------------------+-------+-------+-------+-------+-------+-------+-------+-------+-------++-------
Melee: Flail             |   126 |   292 |   368 |   414 |       |       |       |       |       ||  1200
       Morningstar       |       |       |       |   457 |  1485 |  1560 |  2774 |  2786 |  3960 || 13022
       Sacred scourge    |       |       |       |       |       |       |       |       |  1976 ||  1976
       Headbutt          |       |       |       |       |       |       |       |       |   100 ||   100
       Unarmed           |       |       |       |       |       |       |       |       |    18 ||    18
Throw: Javelin           |       |       |       |       |       |       |       |       |     5 ||     5
 Cast: Summon Butterflie |       |       |       |       |       |       |     1 |     1 |     4 ||     6
       Regeneration      |       |       |       |       |       |       |       |     1 |       ||     1
       Blink             |       |       |       |       |       |       |       |       |    16 ||    16
       Summon Lightning  |       |       |       |       |       |       |       |       |    12 ||    12
       Iron Shot         |       |       |       |       |       |       |       |       |     8 ||     8
       Shroud of Golubri |       |       |       |       |       |       |       |       |     1 ||     1
       Aura of Abjuratio |       |       |       |       |       |       |       |       |     1 ||     1
Invok: Heroism           |       |       |     4 |     5 |     5 |    14 |    20 |    15 |    20 ||    83
       Finesse           |       |       |       |     1 |     1 |     1 |     2 |     3 |    13 ||    21
       Cleansing Flame   |       |       |       |       |       |       |       |       |    20 ||    20
       Summon Divine War |       |       |       |       |       |       |       |       |    15 ||    15
       Divine Shield     |       |       |       |       |       |       |       |       |     6 ||     6
       Brand Weapon With |       |       |       |       |       |       |       |       |     1 ||     1
 Abil: Fly               |       |       |       |       |     1 |       |       |       |     1 ||     2
       Stop Flying       |       |       |       |       |       |       |       |       |     1 ||     1
Evoke: Wand              |       |       |     3 |       |     1 |     2 |     3 |     5 |     5 ||    19
  Use: Scroll            |       |     4 |     1 |    19 |     8 |     7 |    11 |     6 |    56 ||   112
       Potion            |       |       |       |     2 |       |     3 |     4 |     1 |    23 ||    33
 Stab: Paralysed         |       |       |     9 |       |       |     5 |       |       |       ||    14
       Distracted        |       |       |       |       |       |       |     2 |       |     1 ||     3
  Eat: Chunk             |       |    11 |    13 |    11 |    27 |    17 |    16 |    36 |    22 ||   153
       Ration            |       |       |     1 |     1 |     6 |     5 |    10 |     1 |    28 ||    52
Armor: Scale mail        |   107 |   179 |   194 |       |       |       |       |       |       ||   480
       Plate armour      |       |       |   154 |   811 |  1243 |  1379 |  1614 |       |       ||  5201
       Crystal plate arm |       |       |       |       |       |       |   428 |  1475 |  3619 ||  5522
Dodge: Dodged            |    50 |    89 |   162 |   245 |   395 |   510 |   777 |   693 |  1700 ||  4621
       Deflected         |       |       |       |     2 |    30 |    30 |    41 |    19 |       ||   122
Block: Shield            |    75 |   154 |   312 |   746 |  1176 |  1793 |  3048 |  2792 |  5706 || 15802
       Reflection        |       |       |       |       |       |    25 |    83 |   116 |   202 ||   426

Vault maps used:
D:1:      onia_arrival_zoo_common
D:2:      lemuel_round_altar, nicolae_overflow_crystal_walls,
          nicolae_overflow_hidden_temple, lightli_temple_of_fire, serial_forest,
          infiniplex_forest_clump_curved, infiniplex_forest_join,
          infiniplex_forest_end_1, infiniplex_forest_3_way,
          infiniplex_forest_lined_1, infiniplex_forest_clump_C,
          infiniplex_forest_lined_room_2, infiniplex_forest_straight_5,
          infiniplex_forest_clump_long, infiniplex_forest_clump_medium,
          minivault_25
D:3:      nicolae_qazlal_style_of_elements, first_ration, amethyst_killhole,
          lemuel_tele_altar, uniq_ijyb
D:4:      kennysheep_mini_moat, marbit_many_paths, kennysheep_slug_shrine,
          minmay_temple_entry_water_ring, serial_shops, kennysheep_mini,
          shop_statue, nicolae_shop_behind_doors, shop, shop_statue, uniq_robin
D:5:      uniq_menkaure
D:6:      lemuel_crystal_altar, lemuel_round_altar
D:7:      kiku_gazebo_pond_becter, serial_shops, shop, uniq_crazy_yiuf_cottage
D:8:      david_nohive_1, nicolae_ru_awakened_eye
D:9:      grunt_dithmenos_smoke_and_mirrors
D:10:     due_lair_maze_entry_diamond, david_orc_3
D:11:     serial_shops, kennysheep_little_box, shop, nicolae_shop_behind_doors,
          nicolae_shop_overgrown_old_shop, portal_ice_cave_entry_pillars_1
D:12:     minmay_heptahexagon, basic_altar, minmay_misc_feat_ornament
D:13:     minmay_the_grid_triangle_9x9_recursive_2
D:14:     david_vaults_1, serial_shops, shop_statue, shop, shop, shop,
          minmay_crystal_room, minivault_25_ag
D:15:     gammafunk_depths_entry_grave
Temple:   dpeg_chambers_temple
Lair:1:   beast_lair_carwin_11, infiniplex_staircase_pool_2, grunt_megastairs_4
Lair:2:   cheibrodos_lair_river_kwai, minmay_swamp_entry_reptiles,
          grunt_megastairs_5
Lair:3:   nicolae_spider_entry_orb_guardian, gammafunk_lair_bear_cave,
          minmay_lair_oklob_chamber
Lair:4:   serial_bayou_shore_b
Lair:5:   uniq_kirke
Lair:6:   cheibrodos_lair_end_hotspot, slime_dummy
Swamp:1:  serial_swamp_ruin, evilmike_swamp_ruin_house_5,
          evilmike_swamp_ruin_house_6, uniq_roxanne, uniq_frances
Swamp:2:  hangedman_swamp_ruin_wall, uniq_donald
Swamp:3:  hangedman_swamp_blocks, st_swamp_ruins_1
Swamp:4:  swamp_alternative, swamp_pool1
Spider:1: uniq_louise
Spider:2: nicolae_looking_at_the_future
Spider:3: spider_trap
Spider:4: grunt_spider_rune_circles
Slime:1:  cheibrodos_slime_lost_civilization_4
Slime:2:  nicolae_slime_welcoming_committee
Slime:4:  dissolution_awaits
Orc:1:    bloody_trog
Orc:2:    grunt_orc_community_town_hall, grunt_orc_community_big_house_2,
          grunt_orc_community_big_house_2, grunt_orc_community_house_2,
          grunt_orc_community_house_2, grunt_orc_community_house_2,
          grunt_orc_community_house_2, grunt_orc_community_house_1,
          serial_shops, shop, abandoned_shop, uniq_nessos
Elf:1:    eino_elf_arrival_customs, serial_shops,
          nicolae_shop_temple_entry_statues_fountains, minivault_28,
          corexii_checkpoint_a, minmay_elf_sorcery
Elf:2:    serial_shops, nicolae_shop_overgrown_old_shop, nicolae_shop_crystal
Elf:3:    grunt_elf_hall_asides, serial_shops, shop, grunt_megastairs_3,
          uniq_nikola
Vaults:1: vaults_mumra_minichess, vaults_standard_mumra_x,
          hangedman_vaults_slice, v_alt_pattern_5,
          ontoclasm_vaults_loading_screen, nicolae_vaults_big_angled_halls,
          nicolae_vaults_network_s, ontoclasm_vaults_fault, grunt_vaults_focal,
          ontoclasm_vaults_bender, ontoclasm_vaults_pinch, vaults_room_corners
Vaults:2: nicolae_vaults_big_ls, vaults_mumra_hexcomb,
          nicolae_vaults_ring_of_whatevers, vaults_mumra_hex, v_pattern_3,
          v_misc_30, vaults_dpeg_encased_lava, st_spiral_rooms,
          nicolae_trove_entry_crossroad
Vaults:3: vaults_standard_mumra_enter_the_diamond,
          minmay_crypt_entry_simple_sparse, nicolae_vaults_puzzle_piece,
          nicolae_vaults_lopsided_apartments, nicolae_vaults_big_angled_halls,
          ontoclasm_vaults_hangar, nicolae_vaults_three_branches,
          hangedman_vaults_variations, hangedman_vaults_slither, v_misc_15,
          nicolae_vaults_little_squares_5, vaults_dpeg_cross,
          hangedman_vaults_maws, nicolae_vaults_little_squares_6
Vaults:4: grunt_vaults_bifocal, nicolae_vaults_know_your_exits,
          nicolae_vaults_theta, v_alt_pattern_6, v_misc_24,
          nicolae_vaults_asterisk, serial_shops, shop
Crypt:1:  lemuel_freeze_loot_1, uniq_saint_roka, uniq_xtahua
Crypt:2:  lemuel_upstairs_altar, serial_co_window_serial, co_window_paths_a,
          co_window_of_opportunity_a, co_window_of_opportunity_a,
          co_window_corner_a, co_window_paths_a, co_window_corner_a,
          co_window_corner_a, co_window_broadway_c, co_window_corner_ca,
          co_window_broadway_a, co_window_2corner, co_window_paths_c,
          glass_columns_b, glass_columns_a, glass_columns_a, glass_columns_a,
          glass_columns_b
Crypt:3:  quadcrypt_mu
Depths:1: enter_ziggurat_b, hell_entry, solitary_fountain, corner_web_ring,
          nicolae_twisting_strands, nooodl_orcs_dogs
Depths:2: minmay_tri_stars, grunt_decor_resistance, hell_entry,
          kennysheep_path_1
Depths:3: grated_community_mu, abyss_entry_flame_altar, serial_sigils,
          serial_sigils_hangedman_etch, serial_sigils_hangedman_snap,
          serial_sigils_hangedman_scratch, serial_sigils_hangedman_writhe,
          infiniplex_enter_wizlab_water, hell_entry, pan_entry,
          basic_loot_grate_trap, spider_trap, minmay_misc_feat_room
Depths:4: minmay_diamond_stairs, hangedman_geh_valley, abyss_entry,
          rand_demon_pan_entry_9, kennysheep_cluttered_room,
          minmay_misc_feat_alley, minivault_16, roderic_cross_of_infinity,
          serial_bayou_shore_b
Depths:5: grunt_zot_entry_bicorn, rand_demon_pan_entry_3, hell_entry,
          minmay_splitting_lines, spider_trap, dk_noncrumbling_4,
          serial_bayou_shore_b, serial_bayou_shore_a, serial_bayou_shore_b,
          uniq_frederick
Abyss:1:  hangedman_classic_abyss_death
Abyss:2:  minivault_11
Abyss:3:  evilmike_abyss_exit_12, evilmike_abyss_exit_15,
          dshaligram_kb_abyss_rune_zappy_water_cross
Abyss:4:  minivault_26, nicolae_abyss_rune_left_handed, evilmike_abyss_exit_9,
          hangedman_abyss_town, hangedman_abyss_shoalhut,
          gammafunk_abyss_rune_reverse_zot, minivault_28
Abyss:5:  hangedman_decor_points, minivault_1, grunt_abyss_rune_wretched_hive,
          evilmike_abyss_exit_chaos, hangedman_abyss_river_spirits
Trove:    trove_garden
IceCv:    ice_cave_caverns_02
WizLab:   wizlab_doroklohe

Table legend:
 A = Turns spent in this place as a percentage of turns spent in the entire game.
 B = Non-inter-level travel turns spent in this place as a percentage of non-inter-level travel turns spent in the entire game.
 C = Inter-level travel turns spent in this place as a percentage of turns spent in this place.
 D = Turns resting spent in this place as a percentage of non-inter-level travel turns spent in this place.
 E = Turns spent auto-exploring this place as a percentage of non-inter-level travel turns spent in this place.
 F = Non-inter-level travel turns spent in this place divided by the number of levels of this place that you've seen.
                   A       B       C       D       E      F
               +-------+-------+-------+-------+-------+----------------------
         Total | 100.0 | 100.0 |   7.2 |  19.4 |  37.9 | 1244.1
       Dungeon |  22.0 |  20.2 |  14.9 |  16.3 |  54.3 | 1123.9
        Temple |   0.3 |   0.2 |  23.3 |   0.0 |  95.3 | 191.0
          Lair |   9.6 |   9.3 |  10.4 |  30.5 |  46.0 | 1286.3
         Swamp |   5.9 |   6.0 |   6.9 |  35.9 |  36.3 | 1242.2
   Spider Nest |   6.9 |   7.2 |   3.2 |  34.6 |  28.4 | 1490.2
    Slime Pits |   8.7 |   9.4 |   0.3 |  41.7 |  10.3 | 1565.8
  Orcish Mines |   2.9 |   3.0 |   2.8 |  14.2 |  38.2 | 1269.0
   Elven Halls |   5.9 |   6.1 |   3.2 |  13.5 |  37.4 | 1699.3
        Vaults |  12.3 |  11.9 |   9.9 |   7.7 |  41.8 | 1985.0
         Crypt |   5.9 |   6.3 |   1.7 |  10.2 |  27.7 | 1741.0
        Depths |   9.8 |   9.9 |   6.7 |   9.0 |  41.8 | 1646.2
         Abyss |   6.8 |   7.4 |   0.0 |   1.0 |  33.1 | 557.5
         Trove |   0.2 |   0.2 |   0.0 |   0.0 |   0.0 | 141.0
      Ice Cave |   2.1 |   2.3 |   0.0 |  40.5 |  18.7 | 1903.0
        Wizlab |   0.7 |   0.8 |   0.0 |   0.0 |  20.1 | 633.0
               +-------+-------+-------+-------+-------+----------------------

Table legend:
 A = Kills in this place as a percentage of kills in entire the game.
 B = Kills by you in this place as a percentage of kills by you in the entire game.
 C = Kills by friends in this place as a percentage of kills by friends in the entire game.
 D = Other kills in this place as a percentage of other kills in the entire game.
 E = Experience gained in this place as a percentage of experience gained in the entire game.
 F = Experience gained in this place divided by the number of levels of this place that you have seen.
                   A       B       C       D       E      F
               +-------+-------+-------+-------+-------+----------------------
         Total | 100.0 | 100.0 | 100.0 | 100.0 | 100.0 | 27134.1
       Dungeon |  14.7 |  15.1 |   0.0 |   0.0 |   5.2 | 6257.3
          Lair |   5.5 |   5.7 |   0.0 |   0.0 |   2.7 | 8330.5
         Swamp |   5.0 |   5.1 |   0.0 |   0.0 |   4.6 | 20718.2
   Spider Nest |   6.7 |   6.8 |   0.0 |   6.5 |   5.3 | 24061.5
    Slime Pits |   5.0 |   4.7 |  26.0 |   0.0 |   7.1 | 25931.0
  Orcish Mines |   4.3 |   4.3 |   0.0 |   9.7 |   0.9 | 7859.5
   Elven Halls |   5.1 |   5.1 |   0.0 |  19.4 |   7.0 | 42474.0
        Vaults |  17.6 |  17.8 |   0.0 |  32.3 |  24.8 | 90015.0
         Crypt |   5.3 |   5.5 |   0.0 |   0.0 |   7.2 | 43481.7
        Depths |  10.4 |  10.4 |   0.0 |  29.0 |  16.2 | 58832.2
         Abyss |  18.2 |  17.5 |  74.0 |   3.2 |  17.5 | 28974.0
      Ice Cave |   1.6 |   1.6 |   0.0 |   0.0 |   0.7 | 12976.0
        Wizlab |   0.5 |   0.6 |   0.0 |   0.0 |   0.9 | 15858.0
               +-------+-------+-------+-------+-------+----------------------
